 Dungeon Crawl Stone Soup version 0.31.0-12-g77e489cdc1 (webtiles) character file.

Game seed: 16064989635954991553

45 glumboglumbo the Cutter (level 3, -3/24 HPs)
             Began as a Kobold Berserker on Feb 13, 2024.
             Was a Follower of Trog.
             Slain by an orc
             ... wielding a +0 hand axe
              (5 damage)
             ... on level 2 of the Dungeon.
             The game lasted 00:09:03 (290 turns).

glumboglumbo the Cutter (Kobold Berserker)           Turns: 290, Time: 00:09:03

Health: -3/24      AC:  2    Str: 16    XL:     3   Next: 90%
Magic:  3/3        EV: 15    Int:  8    God:    Trog [*.....]
Gold:   10         SH:  0    Dex: 14    Spells: 2/2 levels left

rFire   . . .        a - +0 short sword
rCold   . . .        (no shield)
rNeg    . . .        b - +0 animal skin
rPois   .            (no helmet)
rElec   .            (no cloak)
rCorr   .            (no gloves)
SInv    .            (no boots)
Will    .....        (no amulet)
Stlth   ++           (no ring)
HPRegen 0.24/turn    (no ring)
MPRegen 0.08/turn

%: no passive effects
@: on berserk cooldown, slowed, very slow
A: small, no large weapons, nightstalker 3
a: Renounce Religion, Berserk


You were on level 2 of the Dungeon.
You worshipped Trog.
Trog was aware of your devotion.
You visited 1 branch of the dungeon, and saw 2 of its levels.

You collected 10 gold pieces.

Inventory:

Hand Weapons
 a - a +0 short sword (weapon)
 c - a +0 dagger
 d - a +0 rapier
Armour
 b - a +0 animal skin (worn)


   Skills:
 + Level 4.1 Fighting
 - Level 4.5 Short Blades
 + Level 1.7 Armour
 + Level 2.9 Dodging
 + Level 0.5 Stealth


You had 2 spell levels left.
You didn't know any spells.
Your spell library was empty.

Dungeon Overview and Level Annotations

Branches:
Dungeon (2/15)

Altars:


Innate Abilities, Weirdness & Mutations

You are small and have problems with some larger weapons.
You are completely attuned to the shadows.


Message History

You closely miss the orc.
The orc is lightly wounded.
The orc closely misses you. The orc misses you.
The orc hits you but does no damage. The orc misses you.
You barely miss the orc.
The orc is lightly wounded.
The orc hits you from afar with a +0 trident.
* * * LOW HITPOINT WARNING * * *
The orc closely misses you. The orc misses you. The orc barely misses you.
The orc closely misses you.
You see here a +0 hand axe.
You barely miss the orc.
The orc is lightly wounded.
The orc hits you with a +0 hand axe.
* * * LOW HITPOINT WARNING * * *
The orc completely misses you.
You hit the orc but do no damage.
The orc is lightly wounded.
The orc completely misses you. The orc closely misses you.
You hit the orc but do no damage.
The orc is lightly wounded.
The orc hits you but does no damage. The orc barely misses you.
You hit the orc but do no damage.
The orc is lightly wounded.
The orc barely misses you. The orc hits you but does no damage.
The orc barely misses you.
You barely miss the orc.
The orc is lightly wounded.
The orc barely misses you. The orc misses you. The orc completely misses you.
You hit the orc.
The orc is moderately wounded.
The orc hits you with a +0 hand axe.
* * * LOW HITPOINT WARNING * * *
The orc completely misses you.
You're still recovering from your berserk rage.
You closely miss the orc.
The orc is moderately wounded.
The orc hits you with a +0 hand axe.
You die...

#.. #..###
#....#
##.#.####
#..oo....
#.@)####.
#...#
#...#
#...#
##.## #.#
#####.####
..........
.....<....


You could see 2 orcs.

Vanquished Creatures
  An orc wizard (D:2)
  2 orcs (D:2)
  2 endoplasms
  A goblin (D:1)
  2 jackals (D:1)
  A quokka (D:1)
  3 ball pythons (D:1)
  2 bats (D:1)
  4 frilled lizards (D:1)
  2 rats (D:1)
20 creatures vanquished.

Notes
Turn   | Place    | Note
-------+----------+-------------------------------------------
     0 | D:1      | glumboglumbo the Kobold Berserker began the quest for the
                  | Orb.
     0 | D:1      | Reached XP level 1. HP: 14/14 MP: 1/1
   166 | D:1      | Reached XP level 2. HP: 19/19 MP: 2/2
   271 | D:2      | Reached XP level 3. HP: 11/24 MP: 3/3
   290 | D:2      | Slain by an orc

Illustrated notes

Levels and vault maps discovered:
D:1:      saegor_arrival_fortress, layout_loops_ring,
          shapermc_ecumenical_altar_rom_forum, minmay_misc_feat_chi
D:2:      layout_basic, kennysheep_generic_room_2, uniq_sigmund, uniq_robin,
          uniq_jessica

Skill      XL: |  1  2 |
---------------+-------+-----
Fighting       | 4 |  4.1
Short Blades   | |  4.5
Armour         | |  1.7
Dodging        | |  2.9
Stealth        | |  0.5

Action                     || total
---------------------------++-------
  Melee: Short sword       ||    68
 Invoke: Berserk           ||     1
    Use: Scroll            ||     1
         Potion            ||     1
   Stab: Sleeping          ||     1
 Armour: Animal skin       ||    24
  Dodge: Dodged            ||    63
